 Dungeon Crawl Stone Soup version 0.24-a0-235-g3f03afc (webtiles) character file.

Game seed: 11551314660738287433

35933 Kairos the Thaumaturge (level 13, -14/102 HPs)
             Began as a Grey Draconian Fire Elementalist on Apr 7, 2019.
             Was an Elder of Vehumet.
             Demolished by a dire elephant (22 damage)
             ... on level 6 of the Lair of Beasts.
             The game lasted 01:48:22 (22962 turns).

Kairos the Thaumaturge (DrFE)                      Turns: 22962, Time: 01:48:23

Health: -14/102    AC: 19    Str: 12    XL:     13   Next: 50%
Magic:  17/29      EV: 15    Int: 25    God:    Vehumet [****..]
Gold:   888        SH:  0    Dex: 11    Spells: 8/36 levels left

rFire    . . .     SeeInvis +   H - +2 flail (protect)
rCold    . . .     Gourm    .   (no shield)
rNeg     . . .     Faith    .   (armour unavailable)
rPois    +         Spirit   .   Y - +0 hat {SInv}
rElec    .         Reflect  .   l - +2 cloak
rCorr    .         Harm     .   r - +1 pair of gloves
MR       .....                  V - +0 pair of boots
Stlth    +++.......             m - amulet of magic regeneration
HPRegen  0.27/turn              E - ring of poison resistance
MPRegen  0.46/turn              a - +5 ring of intelligence

@: no status effects
A: walk through water, unfitting armour, unbreathing, cold-blooded, AC +13
a: Renounce Religion


You were on level 6 of the Lair of Beasts.
You worshipped Vehumet.
Vehumet was greatly pleased with you.
You were hungry.

You visited 3 branches of the dungeon, and saw 17 of its levels.
You also visited: Ice Cave.

You collected 888 gold pieces.

Inventory:

Hand Weapons
 h - a +0 broad axe of chopping
 y - a +2 flail of draining
 H - a +2 flail of protection (weapon)
 O - a +4 executioner's axe of freezing
Armour
 j - a scarf of repulsion
 l - a +2 cloak (worn)
 r - a +1 pair of gloves (worn)
 V - a +0 pair of boots (worn)
 Y - a +0 hat of see invisible (worn)
Magical Staves
 N - an uncursed staff of death
 T - an uncursed staff of earth
Jewellery
 a - a +5 ring of intelligence (right hand)
 f - a +2 ring of evasion
 m - an amulet of magic regeneration (around neck)
 v - an uncursed ring of positive energy
 E - a ring of poison resistance (left hand)
 G - a +3 ring of strength
 M - the amulet "Dioxizen" {MR+ Regen+ Str+2}
   (You found it in an ice cave)

   [amulet of regeneration]

   It affects your strength (+2).
   It affects your resistance to hostile enchantments.
   It increases your rate of regeneration.
 W - an uncursed ring of resist corrosion
 Z - an uncursed ring of protection from fire
Wands
 s - a wand of iceblast (9)
 w - a wand of polymorph (28)
 z - a wand of acid (10)
 B - a wand of enslavement (18)
 S - a wand of disintegration (9)
Scrolls
 d - 2 scrolls of teleportation
 e - 7 scrolls of remove curse
 q - a scroll of magic mapping
 t - 4 scrolls of amnesia
 K - 2 scrolls of enchant weapon
 L - a scroll of vulnerability
 Q - 2 scrolls of fog
 R - 3 scrolls of immolation
 U - 3 scrolls of fear
Potions
 g - 5 potions of heal wounds
 i - a potion of ambrosia
 k - 8 potions of curing
 n - 2 potions of lignification {unknown}
 o - 3 potions of might
 p - 2 potions of haste {unknown}
 u - 4 potions of agility
 x - 3 potions of berserk rage {unknown}
 A - a potion of degeneration {unknown}
 C - 4 potions of flight
 D - 2 potions of resistance {unknown}
 F - a potion of mutation {unknown}
 I - a potion of experience {unknown}
 J - 2 potions of brilliance {unknown}
 P - a potion of cancellation {unknown}
Miscellaneous
 c - a lightning rod (3/4)
 X - a phantom mirror
Comestibles
 b - 13 rations


   Skills:
 + Level 5.9 Fighting
 + Level 8.4(8.6) Axes
 + Level 3.1(6.2) Maces & Flails
 + Level 7.2 Dodging
 + Level 5.0 Stealth
 + Level 0.2 Unarmed Combat
 * Level 12.0 Spellcasting
 + Level 9.8 Conjurations
 + Level 1.1 Hexes
 - Level 1.4 Translocations
 + Level 10.2 Fire Magic
 + Level 0.1 Air Magic
 + Level 0.3 Poison Magic


You had 8 spell levels left.
You knew the following spells:

 Your Spells              Type           Power        Failure   Level  Hunger
a - Flame Tongue          Conj/Fire      #####        1%          1    None
b - Throw Flame           Conj/Fire      ######       1%          2    None
c - Conjure Flame         Conj/Fire      ######..     1%          3    None
d - Blink                 Tloc           N/A          3%          2    None
e - Sticky Flame          Conj/Fire      ######..     1%          4    None
f - Fireball              Conj/Fire      ######....   1%          5    ###....
g - Mephitic Cloud        Conj/Pois/Air  ####....     1%          3    None
h - Regeneration          Chrm/Necr      ###.......   12%         3    None
i - Fulminant Prism       Conj/Hex       #####.....   1%          4    None
j - Apportation           Tloc           ###...       2%          1    None

Your spell library contained the following spells:

 Spells                   Type           Power        Failure   Level  Hunger
 Magic Dart               Conj           ####         1%          1    None
 Inner Flame              Hex/Fire       #####...     1%          3    None
 Corona                   Hex            ###....      2%          1    None
 Infusion                 Chrm           ###.         3%          1    None
 Slow                     Hex            ###.....     3%          2    None
 Summon Butterflies       Summ           ###.....     4%          1    None
 Shroud of Golubria       Chrm/Tloc      ###.......   4%          2    None
 Call Imp                 Summ           ###.....     6%          2    None
 Song of Slaying          Chrm           ###.....     6%          2    None
 Lesser Beckoning         Tloc           ###.......   7%          3    None
 Portal Projectile        Hex/Tloc       ###...       7%          3    None
 Tukima's Dance           Hex            ###.....     8%          3    None
 Spectral Weapon          Hex/Chrm       ###.....     10%         3    None
 Yara's Violent Unravell  Hex/Tmut       ###.......   22%         5    ###....
 Cause Fear               Hex            ###.......   26%         4    None
 Leda's Liquefaction      Hex/Erth       ###.......   30%         4    None
 Silence                  Hex/Air        ###.......   63%         5    ###....
 Alistair's Intoxication  Tmut/Pois      ###.....     71%         5    ###....
 Invisibility             Hex            ###.....     98%         6    #####..
 Deflect Missiles         Chrm/Air       ###.......   99%         6    #####..
 Discord                  Hex            ###.......   100%        8    #######


Dungeon Overview and Level Annotations

Branches:
Dungeon (10/15)            Temple (1/1) D:7            Lair (6/6) D:9
  Swamp (0/4) Lair:3        Snake (0/4) Lair:4        Slime (0/5) Lair:5
    Orc (0/2) D:9

Altars:
Ashenzari
Cheibriados
Dithmenos
Elyvilon
Fedhas
Gozag
Hepliaklqana
Kikubaaqudgha
Makhleb
Nemelex Xobeh
Okawaru
Qazlal
Ru
Sif Muna
Trog
Uskayaw
Vehumet
Wu Jian
Xom
Yredelemnul
Zin
The Shining One
Jiyva

Shops:
D:9 ?


Innate Abilities, Weirdness & Mutations

You can walk through water.
Your dull iron-grey scales are very hard. (AC +13)
You cannot fit into any form of body armour.
You can survive without breathing.
You are cold-blooded and may be slowed by cold attacks.


Message History

Aiming: Flame Tongue (safe; 1% risk of failure)
Press: ? - help, Shift-Dir - straight line, f/p - dire elephant
Aim: a dire elephant (flame, severely wounded)
The flame tongue hits the dire elephant but does no damage.
The dire elephant is severely wounded.
The dire elephant tramples you!!
* * * LOW HITPOINT WARNING * * *
You hold your ground!
The dire elephant trunk-slaps you but does no damage.
Unknown command.
Casting: Flame Tongue (safe; 1% risk of failure)
Confirm with . or Enter, or press ? or * to list all spells.
Aiming: Flame Tongue (safe; 1% risk of failure)
Press: ? - help, Shift-Dir - straight line, f/p - dire elephant
Aim: a dire elephant (flame, severely wounded)
The flame tongue hits the dire elephant but does no damage.
The dire elephant is severely wounded.
The dire elephant is engulfed in blazing flames.
The dire elephant tramples you!!
You die...

.# #.P...##...#..#
.## #..........##
..## ##........##
...# #...#.##P##
..## #.....####
...# #####..P.##
.######....P..P#
..###.........####
###...........##@#
## #...........§Y#
P# .............##
## .............#
.# ....S....†...##
.................#
≈..............P##
#...P#..#.#.....#
##P###.#.÷.#


You could see a dire elephant.

Vanquished Creatures
  Gastronok (Lair:3)
  The ghost of nikopol the Spear-Bearer, a journeyman MiBe of Trog (Lair:4)
  Snorg (Lair:3)
  3 hydras
  An ice dragon (Lair:4)
  6 death yaks
  Sonja (Lair:1)
  A sea snake (Lair:6)
  Pikel (D:4)
  A harpy (Lair:6)
  4 oklob plants (Lair:2)
  2 ugly things (IceCv)
  5 black mambas
  An elephant (Lair:5)
  3 ice statues (IceCv)
  3 spiny frogs
  5 rime drakes
  5 komodo dragons
  A troll (D:9)
  2 polar bears
  A queen bee (D:9)
  A hornet (Lair:6)
  6 hippogriffs
  A bog body (Lair:3)
  A blink frog (Lair:2)
  A hungry ghost (D:8)
  4 wyverns
  3 basilisks
  22 yaks
  Menkaure (D:4)
  Edmund (D:4)
  7 porcupines
  13 water moccasins
  9 ice beasts
  A black bear (Lair:2)
  4 orc warriors (D:9)
  A sky beast (D:8)
  4 necrophages (D:7)
  2 ogres
  2 phantoms
  6 wolves (Lair:1)
  2 centaurs
  7 crocodiles
  13 bullfrogs
  A wyvern skeleton (D:7)
  A scorpion (D:6)
  21 killer bees
  A vampire bat (Lair:2)
  2 electric eels (D:6)
  4 crimson imps
  2 quasits
  3 orc priests
  3 bullfrog skeletons
  4 hounds
  6 orc wizards
  Natasha (thrice) (D:4)
  A centaur skeleton (D:8)
  5 iguanas
  Ijyb (D:5)
  5 worker ants
  3 hound skeletons
  A mummy (D:9)
  2 howler monkey zombies (D:7)
  8 adders
  11 gnolls
  A shadow imp (D:5)
  3 white imps (Lair:4)
  An ooze (D:1)
  3 adder skeletons
  A worm (D:5)
  12 dart slugs
  5 leopard geckos
  40 orcs
  21 bats
  6 giant cockroaches
  6 goblins
  8 hobgoblins
  14 jackals
  5 quokkas
  A ball python (D:5)
  8 frilled lizards
  5 kobolds
  A quokka zombie (D:7)
  7 rats
  6 fulminant prisms (Lair:3)
  2 plants (Lair:2)
405 creatures vanquished.

Vanquished Creatures (collateral kills)
  A killer bee (D:9)
1 creature vanquished.

Vanquished Creatures (others)
  A bush (Lair:2)
  22 fulminant prisms
  6 fungi
  14 plants
43 creatures vanquished.

Grand Total: 449 creatures vanquished

Notes
Turn   | Place    | Note
-------+----------+-------------------------------------------
     0 | D:1      | Kairos the Draconian Fire Elementalist began the quest for
                  | the Orb.
     0 | D:1      | Reached XP level 1. HP: 14/14 MP: 3/3
   161 | D:1      | Reached XP level 2. HP: 4/20 MP: 0/5
  1029 | D:1      | Learned a level 2 spell: Throw Flame
  1075 | D:1      | Reached XP level 3. HP: 22/26 MP: 0/6
  1641 | D:2      | Reached XP level 4. HP: 18/33 MP: 0/7
  2733 | D:3      | Reached XP level 5. HP: 22/39 MP: 9/9
  3127 | D:3      | Reached skill level 3 in Spellcasting
  3264 | D:3      | Reached skill level 1 in Axes
  3406 | D:3      | Learned a level 3 spell: Conjure Flame
  3621 | D:3      | Reached skill level 1 in Fighting
  3747 | D:3      | Found a sparkling altar of Nemelex Xobeh.
  3887 | D:4      | Noticed an ogre
  3888 | D:4      | Noticed a phantom
  3950 | D:4      | Noticed Natasha
  3961 | D:4      | Killed Natasha
  3978 | D:4      | Killed a phantom
  3978 | D:4      | Reached XP level 6. HP: 35/47 MP: 1/11
  4020 | D:4      | Noticed Natasha
  4034 | D:4      | Killed Natasha
  4228 | D:4      | Noticed Natasha
  4238 | D:4      | Killed Natasha
  4348 | D:4      | Your scales start taking on a dull iron-grey colour.
  4348 | D:4      | Reached XP level 7. HP: 32/52 MP: 6/12
  4348 | D:4      | Gained mutation: You can survive without breathing. [Grey
                  | Draconian growth]
  4453 | D:4      | Noticed Menkaure
  4456 | D:4      | Killed Menkaure
  4456 | D:4      | Reached skill level 4 in Spellcasting
  4961 | D:4      | Found a sacrificial altar of Ru.
  5072 | D:4      | Noticed Pikel
  5202 | D:4      | Killed Pikel
  5202 | D:4      | Reached skill level 5 in Spellcasting
  5202 | D:4      | Reached skill level 5 in Fire Magic
  5202 | D:4      | Reached XP level 8. HP: 61/61 MP: 1/16
  5447 | D:4      | Noticed Edmund
  5478 | D:4      | Killed Edmund
  5594 | D:5      | Entered Level 5 of the Dungeon
  5607 | D:5      | Noticed Ijyb
  5624 | D:5      | Killed Ijyb
  6717 | D:6      | Reached skill level 6 in Spellcasting
  6988 | D:6      | Noticed a hippogriff
  7007 | D:6      | Killed a hippogriff
  7366 | D:6      | Learned a level 2 spell: Blink
  7371 | D:6      | Learned a level 4 spell: Sticky Flame
  7535 | D:6      | Reached XP level 9. HP: 45/68 MP: 13/18
  7701 | D:6      | Found a burning altar of Makhleb.
  8310 | D:7      | Found a staircase to the Ecumenical Temple.
  8317 | Temple   | Entered the Ecumenical Temple
  8606 | D:7      | Reached skill level 1 in Translocations
  9070 | D:7      | Found a blossoming altar of Fedhas.
  9390 | D:7      | Reached skill level 5 in Axes
  9576 | D:7      | Learned a level 5 spell: Fireball
  9591 | D:7      | Reached skill level 7 in Spellcasting
  9623 | D:7      | Reached skill level 5 in Conjurations
  9666 | D:7      | Learned a level 3 spell: Mephitic Cloud
  9902 | D:8      | Reached skill level 8 in Spellcasting
  9998 | D:8      | Reached XP level 10. HP: 68/77 MP: 22/22
 10036 | D:8      | Found a stormy altar of Qazlal.
 10047 | D:8      | Found a radiant altar of Vehumet.
 10054 | D:8      | Became a worshipper of Vehumet
 10598 | D:9      | Reached * piety under Vehumet
 10598 | D:9      | Offered knowledge of Sting by Vehumet.
 10680 | D:9      | Found a staircase to the Orcish Mines.
 10767 | D:9      | Found Weuhyho's Magic Scroll Shoppe.
 10860 | D:9      | Found a snail-covered altar of Cheibriados.
 11119 | D:9      | Found a staircase to the Lair.
 11147 | D:9      | Reached ** piety under Vehumet
 11147 | D:9      | Offered knowledge of Shock by Vehumet.
 11519 | D:9      | Found a shattered altar of Ashenzari.
 11572 | D:9      | Reached skill level 9 in Spellcasting
 11872 | D:10     | Entered Level 10 of the Dungeon
 11889 | Lair:1   | Entered Level 1 of the Lair of Beasts
 11913 | Lair:1   | Noticed Sonja
 11926 | Lair:1   | Killed Sonja
 11948 | Lair:1   | Learned a level 3 spell: Regeneration
 11954 | Lair:1   | Found a frozen archway.
 11966 | Lair:1   | Reached skill level 5 in Dodging
 11966 | Lair:1   | Reached XP level 11. HP: 41/82 MP: 11/24
 12144 | IceCv    | Entered an ice cave
 12157 | IceCv    | Offered knowledge of Searing Ray by Vehumet.
 12434 | IceCv    | Noticed a white ugly thing
 12443 | IceCv    | Killed a white ugly thing
 13288 | IceCv    | Reached skill level 1 in Maces & Flails
 13298 | IceCv    | Noticed a white ugly thing
 13329 | IceCv    | Killed a white ugly thing
 13454 | IceCv    | Got a coiled bone amulet
 13482 | IceCv    | Identified the amulet "Dioxizen" {MR+ Regen+ Str+2} (You
                  | found it in an ice cave)
 13637 | Lair:1   | Reached *** piety under Vehumet
 14710 | Lair:2   | Noticed an oklob plant
 14711 | Lair:2   | Noticed an oklob plant
 14737 | Lair:2   | Reached skill level 10 in Spellcasting
 14757 | Lair:2   | Offered knowledge of Olgreb's Toxic Radiance by Vehumet.
 15092 | Lair:2   | Noticed a four-headed hydra
 15116 | Lair:2   | Killed a four-headed hydra
 15429 | Lair:2   | Reached XP level 12. HP: 87/92 MP: 9/26
 16726 | Lair:3   | Reached **** piety under Vehumet
 16929 | Lair:3   | Noticed a seven-headed hydra
 16947 | Lair:3   | Killed a seven-headed hydra
 17028 | Lair:3   | Found a dark tunnel.
 17118 | Lair:3   | Found a staircase to the Swamp.
 17224 | Lair:3   | Offered knowledge of Fulminant Prism by Vehumet.
 17660 | Lair:3   | Learned a level 4 spell: Fulminant Prism
 18107 | Lair:3   | Noticed Snorg
 18133 | Lair:3   | Killed Snorg
 18272 | Lair:3   | Noticed Gastronok
 18500 | Lair:3   | Killed Gastronok
 18500 | Lair:3   | Reached skill level 5 in Fighting
 18500 | Lair:3   | Reached skill level 11 in Spellcasting
 18775 | Lair:4   | Reached skill level 1 in Hexes
 18914 | Lair:4   | Learned a level 1 spell: Apportation
 18946 | Lair:4   | Found a staircase to the Snake Pit.
 18990 | Lair:4   | Noticed an ice dragon
 19567 | Lair:4   | Killed an ice dragon
 19624 | Lair:4   | Noticed a death yak
 19624 | Lair:4   | Noticed a death yak
 19637 | Lair:4   | Noticed a death yak
 19670 | Lair:4   | Killed a death yak
 19670 | Lair:4   | Reached skill level 5 in Stealth
 19678 | Lair:4   | Noticed a death yak
 19699 | Lair:4   | Killed a death yak
 19699 | Lair:4   | Reached XP level 13. HP: 48/101 MP: 22/28
 20032 | Lair:4   | Reached skill level 10 in Fire Magic
 20147 | Lair:4   | Found a large runed translucent door.
 20148 | Lair:4   | Found a large runed translucent door.
 20150 | Lair:4   | Noticed nikopol's ghost (journeyman MiBe)
 20193 | Lair:4   | Killed nikopol's ghost
 21034 | Lair:5   | Found a viscous altar of Jiyva.
 21034 | Lair:5   | Found a staircase to the Slime Pits.
 21501 | Lair:6   | Entered Level 6 of the Lair of Beasts
 22915 | Lair:6   | Reached skill level 12 in Spellcasting
 22935 | Lair:6   | Noticed a dire elephant
 22962 | Lair:6   | Demolished by a dire elephant

Levels and vault maps discovered:
D:1:      minmay_arrival_doors, layout_rooms
D:2:      layout_rooms, first_ration
D:3:      layout_basic, nemelex_altar_shiori
D:4:      layout_cave_pools, nicolae_ru_sacrificial_ziggurat, uniq_natasha,
          uniq_menkaure, uniq_pikel, uniq_edmund
D:5:      layout_gridville, uniq_ijyb
D:6:      kennysheep_slugbush, layout_basic, lemuel_crystal_altar
D:7:      layout_basic, fedhas_altar_decomposition,
          minmay_temple_entry_gardened_gates
D:8:      layout_basic, grunt_temple_overflow_open
D:9:      layout_long_grid, lemuel_round_altar, slow_altar_2, lair_entry_dummy,
          david_orc_2, serial_shops, nicolae_shop_behind_doors, david_nohive_1
D:10:     nzn_motion_control, layout_loops_ring, uniq_fannar
Temple:   minmay_temple_curvy_branch
Lair:1:   layout_big_grid, portal_ice_cave_rime, infiniplex_staircase_pool,
          uniq_sonja
Lair:2:   layout_roguey, roderic_batcave, minmay_lair_oklob_chamber
Lair:3:   layout_cave_pods, skrybe_swamp_entry_bodies, enter_volcano_2,
          uniq_gastronok, uniq_snorg
Lair:4:   layout_cave_shapes, dummy_snake_entry, ebering_ghost_disaster_area,
          bobbens_ice_dragon_lair
Lair:5:   layout_cave_shapes, dpeg_slime_entry_enclosed_altar,
          serial_bayou_shore_b, grunt_megastairs_5
Lair:6:   gammafunk_lair_ancient_temple, layout_cave_pods, st_stairs_13
IceCv:    ice_cave_statue_garden_chambered

Skill      XL: |  1  2  3  4  5  6  7  8  9 10 11 12 13 |
---------------+----------------------------------------+-----
Stealth        | 2 3 4 5 |  5.0
Dodging        | 2 3 4 5 6 7 |  7.2
Fire Magic     | 4 5 6 7 9 10 | 10.2
Conjurations   | 2 3 4 5 7 8 9 |  9.8
Spellcasting   | 3 5 6 8 9 10 11 12 | 12.0
Axes           | 2 3 4 5 6 7 8 |  8.4
Fighting       | 1 2 3 4 5 |  5.9
Translocations | 1 |  1.4
Maces & Flails | 1 3 |  3.1
Hexes          | 1 |  1.1
Unarmed Combat | |  0.2
Air Magic      | |  0.1
Poison Magic   | |  0.3

Action                   |  1- 3 |  4- 6 |  7- 9 | 10-12 | 13-15 || total
-------------------------+-------+-------+-------+-------+-------++-------
Melee: Unarmed           |    13 |       |       |       |       ||    13
       Tailslap          |     3 |     8 |    14 |    26 |     4 ||    55
       Broad axe         |       |    97 |   183 |    72 |       ||   352
       Flail             |       |       |       |    56 |     4 ||    60
       Executioner's axe |       |       |       |   111 |    26 ||   137
 Cast: Flame Tongue      |    46 |    84 |   193 |   154 |    89 ||   566
       Throw Flame       |     2 |     5 |    24 |   345 |    26 ||   402
       Conjure Flame     |       |       |    13 |    61 |    20 ||    94
       Sticky Flame      |       |       |     9 |     9 |       ||    18
       Blink             |       |       |     6 |     3 |     2 ||    11
       Fireball          |       |       |       |    25 |     1 ||    26
       Mephitic Cloud    |       |       |       |     2 |       ||     2
       Fulminant Prism   |       |       |       |    15 |    13 ||    28
Evoke: Lightning rod     |       |       |       |       |     1 ||     1
  Use: Scroll            |     7 |       |     8 |    12 |     3 ||    30
       Potion            |       |       |     1 |       |     1 ||     2
 Stab: Sleeping          |       |       |     6 |     1 |     1 ||     8
       Confused          |       |       |       |     3 |       ||     3
  Eat: Chunk             |     2 |     7 |    11 |    10 |     1 ||    31
       Ration            |       |       |     3 |     7 |     3 ||    13
Armor: Skin              |    10 |    78 |   138 |   227 |    78 ||   531
Dodge: Dodged            |    27 |   188 |   208 |   442 |    97 ||   962

Table legend:
 A = Non-vault XP
 B = Vault XP
 C = Vault XP percentage of total XP
 D = Non-vault monster count
 E = Vault monster count
 F = Vault count percentage of total count
                 A         B        C        D         E       F
            +---------+---------+-------+---------+---------+-------
      Total |   30247 |   21087 |  41.1 |     300 |      98 |  24.6
            +---------+---------+-------+---------+---------+-------
        D:1 |      45 |       0 |   0.0 |      22 |       0 |   0.0
        D:2 |      75 |       0 |   0.0 |      14 |       0 |   0.0
        D:3 |     208 |       0 |   0.0 |      40 |       0 |   0.0
        D:4 |     499 |    1005 |  66.8 |      22 |       4 |  15.4
        D:5 |     221 |      36 |  14.0 |       9 |       1 |  10.0
        D:6 |    1166 |      36 |   3.0 |      20 |       9 |  31.0
        D:7 |     720 |     536 |  42.7 |      33 |       6 |  15.4
        D:8 |    1806 |       0 |   0.0 |      31 |       0 |   0.0
        D:9 |    1709 |    1473 |  46.3 |      26 |      25 |  49.0
     Lair:1 |    1924 |    1539 |  44.4 |      12 |       3 |  20.0
     Lair:2 |    6093 |    3477 |  36.3 |      24 |      20 |  45.5
     Lair:3 |    4809 |    3358 |  41.1 |      16 |       3 |  15.8
     Lair:4 |    5501 |    2368 |  30.1 |      14 |       5 |  26.3
     Lair:5 |    4319 |     969 |  18.3 |      15 |       3 |  16.7
     Lair:6 |    1152 |    3174 |  73.4 |       2 |       8 |  80.0
      IceCv |       0 |    3116 | 100.0 |       0 |      11 | 100.0
            +---------+---------+-------+---------+---------+-------
